 Dungeon Crawl Stone Soup version 0.22.1-2-g9c5b331383 (webtiles) character file.

338 Forgol the Changer (level 6, -10/47 HPs)
             Began as a Draconian Transmuter on Dec 24, 2018.
             Mangled by an iguana (12 damage)
             ... on level 4 of the Dungeon.
             The game lasted 00:22:36 (3963 turns).

Forgol the Changer (Draconian Transmuter)           Turns: 3963, Time: 00:22:37

Health: -10/47     AC:  2    Str: 13    XL:     6   Next: 29%
Magic:  4/9        EV: 20    Int: 15    God:
Gold:   204        SH:  0    Dex: 16    Spells: 3/9 levels left

rFire    . . .     SeeInvis .     - Unarmed
rCold    . . .     Gourm    .   (shield currently unavailable)
rNeg     . . .     Faith    .   (armour unavailable)
rPois    x         Spirit   .   (helmet currently unavailable)
rElec    .         Reflect  .   (cloak currently unavailable)
rCorr    .         Harm     .   (gloves currently unavailable)
MR       .....                  (boots currently unavailable)
Stlth    +.........             (no amulet)
HPRegen  0.15/turn              (no ring)
MPRegen  0.11/turn              (no ring)

@: lethally poisoned (-10 -> -14), spider-form
A: tiny, unfitting armour, AC +6
a: End Transformation


You were on level 4 of the Dungeon.
You were hungry.
You were a venomous arachnid creature.
You visited 1 branch of the dungeon, and saw 4 of its levels.

You collected 204 gold pieces.

Inventory:

Hand Weapons
 o - a +2 dagger of distortion
Missiles
 a - 49 arrows
Armour
 s - a +0 pair of boots
Jewellery
 y - a cursed ring of teleportation {unknown}
Wands
 p - a wand of polymorph (23)
Scrolls
 b - a scroll of teleportation {unknown}
 e - 4 scrolls of remove curse {unknown}
 h - 3 scrolls of magic mapping {unknown}
 i - 3 scrolls of identify {unknown}
 j - 3 scrolls of blinking {unknown}
 m - a scroll of amnesia {unknown}
 n - a scroll of fear {unknown}
 r - a scroll of enchant weapon {unknown}
Potions
 d - a potion of agility {unknown}
 f - a potion of invisibility {unknown}
 g - a potion of brilliance {unknown}
 k - a potion of cancellation {unknown}
 l - 3 potions of curing
 q - 2 potions of heal wounds {unknown}
 t - a potion of might {unknown}
 u - a potion of resistance {unknown}
 v - a potion of lignification {unknown}
 x - a potion of berserk rage {unknown}
 z - a potion of ambrosia {unknown}
Comestibles
 c - 6 rations
 w - 2 chunks of flesh


   Skills:
 - Level 1.1 Fighting
 - Level 2.1 Dodging
 + Level 4.8 Unarmed Combat
 - Level 2.0 Spellcasting
 * Level 5.1 Transmutations
 + Level 1.0 Poison Magic


You had 3 spell levels left.
You knew the following spells:

 Your Spells              Type           Power        Failure   Level  Hunger
a - Beastly Appendage     Tmut           ###...       10%         1    #......
b - Sticks to Snakes      Tmut           ###.....     13%         2    ###....
c - Spider Form           Tmut/Pois      ##........   38%         3    ###....

Your spell library contained the following spells:

 Spells                   Type           Power        Failure   Level  Hunger
 Animate Skeleton         Necr           N/A          43%         1    #......
 Apportation              Tloc           #.....       43%         1    #......
 Confusing Touch          Hex            #.....       43%         1    #......
 Summon Small Mammal      Summ           #...         43%         1    #......
 Ice Form                 Ice/Tmut       #.......     78%         4    #####..
 Blade Hands              Tmut           ###.......   78%         5    ######.


Dungeon Overview and Level Annotations

Branches:
Dungeon (4/15)
 Temple: D:4-7

Altars:
Fedhas
Nemelex Xobeh
Sif Muna


Innate Abilities, Weirdness & Mutations

((Your plain brown scales are hard. (AC +6)))
You cannot fit into any form of body armour.
((You are cold-blooded and may be slowed by cold attacks.))


Message History

Your Poison Magic skill increases to level 1!
You feel sick. The iguana misses your ball python.
You feel sick. The iguana bites your ball python!
Your ball python dies!
Press: ? - help, v - describe, . - travel The floor.
Casting: Sticks to Snakes (safe; 4% risk of failure)
Confirm with . or Enter, or press ? or * to list all spells.
You turn into a venomous arachnid creature.
You feel sick.
You closely miss the iguana. The iguana misses you.
You hit the iguana.
The iguana is poisoned.
The iguana is lightly wounded.
You feel sick. The iguana bites you!
* * * LOW HITPOINT WARNING * * *
You hit the iguana.
The iguana looks as sick as possible!
The iguana is moderately wounded.
The iguana bites you!
You die...

#.......# . ..###
####.#### .....
###.####### .### ###
#......(...
########<##
#..#....##. #
........#.####....#.##
#
########.<.......##.#
# #######.#.##.# #
#..s...# # ###l#### #
#...# # #.### # ####.#
### # #....# ....#
.....##(....s.. ......
...# ##.#####. .....#
.. .# #.# ..#.# #


You could see an iguana.

Vanquished Creatures
  Sigmund (D:2)
  A scorpion (D:4)
  Terence (D:2)
  A hound skeleton (D:4)
  Robin (D:3)
  2 adders
  A worm (D:2)
  4 dart slugs
  A leopard gecko (D:2)
  An orc (D:3)
  2 ball pythons
  6 bats
  3 giant cockroaches
  19 goblins
  6 hobgoblins
  4 jackals
  A quokka (D:4)
  6 frilled lizards
  A jackal skeleton (D:4)
  6 kobolds
  7 rats
75 creatures vanquished.

Notes
Turn   | Place    | Note
-------+----------+-------------------------------------------
     0 | D:1      | Forgol the Draconian Transmuter began the quest for the
                  | Orb.
     0 | D:1      | Reached XP level 1. HP: 16/16 MP: 3/3
   331 | D:1      | Reached XP level 2. HP: 23/23 MP: 5/5
  1034 | D:2      | Noticed Sigmund
  1078 | D:2      | Found a sparkling altar of Nemelex Xobeh.
  1271 | D:2      | Reached XP level 3. HP: 26/28 MP: 6/6
  1296 | D:2      | Found a blossoming altar of Fedhas.
  1569 | D:2      | Killed Sigmund
  1569 | D:2      | Reached skill level 4 in Transmutations
  1569 | D:2      | Reached XP level 4. HP: 14/35 MP: 7/7
  1569 | D:2      | Reached XP level 5. HP: 16/40 MP: 8/8
  1942 | D:1      | Learned a level 2 spell: Sticks to Snakes
  1946 | D:1      | Learned a level 3 spell: Spider Form
  2284 | D:2      | Noticed Terence
  2314 | D:2      | Killed Terence
  2630 | D:3      | Found a sparkling altar of Nemelex Xobeh.
  3202 | D:3      | Noticed Robin
  3227 | D:3      | Reached XP level 6. HP: 39/47 MP: 9/9
  3440 | D:3      | Killed Robin
  3440 | D:3      | Reached skill level 5 in Transmutations
  3668 | D:4      | Found a deep blue altar of Sif Muna.
  3957 | D:4      | Reached skill level 1 in Poison Magic
  3962 | D:4      | HP: 2/47 [iguana (12)]
  3963 | D:4      | Mangled by an iguana

Skill      XL: |  1  2  3  4  5  6 |
---------------+-------------------+-----
Dodging        | 2 |  2.1
Unarmed Combat | 4 |  4.8
Transmutations | 4 5 |  5.1
Poison Magic   | 1 |  1.0
Fighting       | |  1.1
Spellcasting   | |  2.0

Action                   |  1- 3 |  4- 6 || total
-------------------------+-------+-------++-------
Melee: Unarmed           |    97 |   215 ||   312
       Tailslap          |     9 |    23 ||    32
       Punch             |     4 |     5 ||     9
       Kick              |     1 |       ||     1
       Headbutt          |       |     4 ||     4
 Cast: Beastly Appendage |     1 |     1 ||     2
       Sticks to Snakes  |       |     4 ||     4
       Spider Form       |       |     1 ||     1
 Stab: Sleeping          |     1 |       ||     1
  Eat: Chunk             |     2 |     4 ||     6
       Ration            |       |     1 ||     1
Armor: Skin              |    39 |    53 ||    92
Dodge: Dodged            |    71 |   123 ||   194
